Jets vs Coyotes
Created - February 10, 2019 at 20:45
Goals
|
| Jets |
1 |
0 |
1 |
1 |
3 |
| Coyotes |
1 |
0 |
1 |
0 |
2 |
|
Shots
|
| Jets |
16 |
7 |
5 |
1 |
29 |
| Coyotes |
5 |
9 |
9 |
0 |
23 |
|
1st period
1. Jets , Benoit Pouliot 22 (Derek Stepan 36) at 8:34 (PP)
2. Coyotes , Tyler Ennis 25 (Marian Gaborik 32, Brad Richards 34) at 17:05 (PP)
Penalties :
Thomas Hickey (Ari) for Hooking (Minor) at 1:02, Tyler Ennis (Ari) for Interference (Minor) at 7:22, Maxime Daigneault (Ari) for Slashing (Minor) at 8:30 - Anton Stralman served the penalty, Joe Colborne (Win) for Holding (Minor) at 12:38, Marcus Johansson (Win) for High sticking (Minor) at 17:02
2nd period
No Goal
Penalties :
Corey Perry (Win) for Holding (Minor) at 4:47, Marcus Johansson (Win) for Interference (Minor) at 7:44, Marco Scandella (Win) for Checking from behind (Minor) at 15:22
3rd period
3. Coyotes , Brad Richards 15 (Tyler Ennis 31, Anton Stralman 20) at 0:10
4. Jets , Eric Gelinas 3 (Nino Niederreiter 8) at 19:54
Penalties :
Brooks Laich (Ari) for Hooking (Minor) at 2:00, Anton Stralman (Ari) for Tripping (Minor) at 5:07, Marcus Johansson (Win) for Holding (Minor) at 9:10, Marco Scandella (Win) for Slashing (Minor) at 13:30, Kevin Hayes (Win) for Hooking (Minor) at 17:26
Overtime #1
5. Jets , Benoit Pouliot 23 (Erik Haula 10, Corey Perry 17) at 1:55
Penalties :
No Penalty
Goalie Stats
Kari Lehtonen (Win), 21 saves from 23 shots - (0.913), W, 12-12-0, 61:55 minutes
Maxime Daigneault (Ari), 26 saves from 29 shots - (0.897), OTL, 21-9-3, 61:55 minutes
Players Stats for Jets
Player Name G A P +/- PIM S H SB GA TA FO MP PP MP PK MP
------------------------------------------------------------------------------------
Anton Volchenkov 0 0 0 1 0 3 2 1 0 1 0/0 20:38 0:00 8:31
Benoit Pouliot 2 0 2 1 0 5 0 0 1 0 0/0 18:09 5:29 1:38
Brendan Smith 0 0 0 0 0 0 1 0 0 2 0/0 30:04 6:00 8:17
Corey Perry 0 1 1 -1 2 2 2 0 0 0 1/2 19:21 5:28 2:09
Derek Roy 0 0 0 -1 0 3 4 1 1 0 4/14 17:57 3:35 4:53
Derek Stepan 0 1 1 0 0 2 2 1 0 1 17/27 16:08 5:29 0:00
Devin Setoguchi 0 0 0 0 0 0 1 0 0 0 0/0 8:49 0:01 0:00
Eric Gelinas 1 0 1 1 0 1 0 1 1 2 0/0 22:39 3:04 5:48
Erik Haula 0 1 1 2 0 3 0 0 0 0 6/10 18:13 0:00 7:29
Jacob Trouba 0 0 0 0 0 1 0 0 0 0 0/0 10:15 0:00 0:54
Jared Spurgeon 0 0 0 0 0 1 0 1 1 0 0/0 14:02 3:04 0:29
Joe Colborne 0 0 0 0 2 1 0 0 0 0 1/3 7:40 0:00 0:00
Kevin Hayes 0 0 0 1 2 0 0 0 0 0 0/0 7:38 0:00 0:00
Marco Scandella 0 0 0 0 4 0 3 2 3 1 0/0 27:15 6:00 3:53
Marcus Johansson 0 0 0 -1 6 2 1 0 0 0 1/1 12:57 3:35 0:00
Mike Richards 0 0 0 0 0 1 0 0 1 0 10/13 18:08 3:35 4:34
Nino Niederreiter 0 1 1 1 0 3 2 0 1 0 0/0 16:33 0:00 7:09
Ronalds Kenins 0 0 0 0 0 1 0 0 1 0 0/0 7:10 0:00 0:00
Players Stats for Coyotes
Player Name G A P +/- PIM S H SB GA TA FO MP PP MP PK MP
------------------------------------------------------------------------------------
Anton Stralman 0 1 1 -1 2 3 1 1 0 2 0/0 27:51 9:04 2:32
Brad Richards 1 1 2 0 0 2 3 1 0 0 10/30 19:56 7:25 1:21
Brooks Laich 0 0 0 0 2 1 1 0 0 0 4/8 7:55 0:00 0:00
Chad Larose 0 0 0 0 0 2 3 1 0 1 5/10 12:40 0:00 5:14
Chris Stewart 0 0 0 0 0 2 1 0 2 0 0/0 8:46 0:17 0:00
Greg Zanon 0 0 0 0 0 3 0 0 0 0 0/0 16:57 0:00 5:06
Josh Gorges 0 0 0 0 0 0 3 0 0 0 0/0 22:38 4:52 5:00
Kristopher Letang 0 0 0 -1 0 0 3 0 0 2 0/0 28:45 9:04 4:04
Marek Svatos 0 0 0 0 0 0 1 0 1 0 1/1 15:40 6:31 0:00
Marian Gaborik 0 1 1 -1 0 1 0 0 0 0 1/1 19:59 7:25 0:00
Martin Samuelsson 0 0 0 0 0 0 0 0 0 0 0/0 12:48 0:00 4:48
Michael Del Zotto 0 0 0 0 0 1 0 0 0 2 0/0 15:22 4:52 0:00
Nazem Kadri 0 0 0 0 0 2 2 0 2 0 6/13 16:09 6:31 0:00
Ryane Clowe 0 0 0 0 0 0 0 0 0 0 1/1 8:30 0:00 1:05
Thomas Hickey 0 0 0 0 2 1 1 2 0 0 0/0 13:38 0:00 1:26
Tyler Ennis 1 1 2 -1 2 3 0 0 1 1 0/0 23:53 7:14 2:45
Valtteri Filppula 0 0 0 0 0 0 0 0 0 0 0/3 6:56 0:00 0:00
Zach Parise 0 0 0 0 0 2 2 0 1 2 2/3 20:05 6:25 2:51
3 Stars
1 - Benoit Pouliot (Win)
2 - Brad Richards (Ari)
3 - Eric Gelinas (Win)
Power Play
Jets - 1 on 5 Attempt(s) - 20.00%
Coyotes - 1 on 8 Attempt(s) - 12.50%
Penalty Kill
Jets - 7 on 8 Attempt(s) - 87.50%
- Score 0 goal in Penalty Kill
Coyotes - 4 on 5 Attempt(s) - 80.00%
- Score 0 goal in Penalty Kill
Team Stat
Jets - Hits : 18 - Faceoff Wins : 40 - Blocked Shots : 7 - Penalty Minutes : 16
Coyotes - Hits : 21 - Faceoff Wins : 30 - Blocked Shots : 5 - Penalty Minutes : 10
Official
Referees : Unknown
Linesman : Unknown
Game Notes
No Game Note
Finance
Level 1 -- Attendance: 6000 (100.00%) -- Ticket Income $540,000
Level 2 -- Attendance: 4474 (89.48%) -- Ticket Income $237,122
Level 3 -- Attendance: 1822 (91.10%) -- Ticket Income $67,414
Level 4 -- Attendance: 4000 (100.00%) -- Ticket Income $104,000
Luxury Box -- Attendance: 1000 (100.00%) -- Ticket Income $163,000
Game was played at the The Pack Center.
Total Attendance: 17296 (96.09%)
Total Ticket Income: $1,111,536
Other Income: $166,730
Total Income: $1,278,266
Jets
5 vs 5 Forward
Center Left Wing Right Wing Time % Phy DF OF
1 Derek Roy Marcus Johansson Corey Perry 35 1 2 2
2 Derek Stepan Benoit Pouliot Devin Setoguchi 32 1 2 2
3 Mike Richards Erik Haula Nino Niederreiter 23 1 2 2
4 Joe Colborne Ronalds Kenins Kevin Hayes 10 1 2 2
5 vs 5 Defense
Defense Defense Time % Phy DF OF
1 Marco Scandella Brendan Smith 38 1 2 2
2 Anton Volchenkov Eric Gelinas 32 1 2 2
3 Jared Spurgeon Jacob Trouba 20 1 2 2
4 Marco Scandella Eric Gelinas 10 1 2 2
PowerPlay Forward
Center Left Wing Right Wing Time % Phy DF OF
1 Derek Stepan Benoit Pouliot Corey Perry 60 0 0 5
2 Mike Richards Marcus Johansson Derek Roy 40 0 1 4
PowerPlay Defense
Defense Defense Time % Phy DF OF
1 Marco Scandella Brendan Smith 60 0 1 4
2 Eric Gelinas Jared Spurgeon 40 0 1 4
Penalty Kill 4 Players Forward
Center Wing Time % Phy DF OF
1 Erik Haula Nino Niederreiter 60 0 4 1
2 Derek Roy Mike Richards 40 0 4 1
Penalty Kill 4 Players Defense
Defense Defense Time % Phy DF OF
1 Anton Volchenkov Brendan Smith 60 1 4 0
2 Marco Scandella Eric Gelinas 40 1 4 0
Penalty Kill - 3 Players Forward
Forward Time % Phy DF OF
1 Erik Haula 60 0 4 1
2 Nino Niederreiter 40 0 4 1
Penalty Kill - 3 Players Defense
Defense Defense Time % Phy DF OF
1 Anton Volchenkov Brendan Smith 60 1 4 0
2 Eric Gelinas Marco Scandella 40 0 5 0
4 vs 4 Forward
Center Wing Time % Phy DF OF
1 Derek Stepan Corey Perry 60 1 2 2
2 Mike Richards Benoit Pouliot 40 1 2 2
4 vs 4 Defense
Defense Defense Time % Phy DF OF
1 Brendan Smith Anton Volchenkov 60 1 2 2
2 Brendan Smith Marco Scandella 40 1 2 2
Last Minutes Offensive
Center Left Wing Right Wing Defense Defense
Derek Stepan Benoit Pouliot Corey Perry Brendan Smith Marco Scandella
Last Minutes Defensive
Center Left Wing Right Wing Defense Defense
Derek Roy Erik Haula Nino Niederreiter Brendan Smith Anton Volchenkov
Goaltenders
Starting : Kari Lehtonen
Backup : Jonathan Bernier
Extra Forwards
Normal : Benoit Pouliot, Derek Stepan, Corey Perry - PP : Benoit Pouliot, Derek Stepan - PK : Corey Perry
Extra Defensemen
Normal : Anton Volchenkov, Marco Scandella, Brendan Smith - PP : Brendan Smith - PK : Marco Scandella, Brendan Smith
Penalty Shots
Benoit Pouliot, Mike Richards, Corey Perry, Devin Setoguchi, Erik Haula
Scratches
Fredrik Sjostrom (Healthy), Lee Stempniak (Healthy), Tyler Myers (Torn Right MCL Injury)
Coyotes
5 vs 5 Forward
Center Left Wing Right Wing Time % Phy DF OF
1 Brad Richards Tyler Ennis Marian Gaborik 36 0 2 3
2 Nazem Kadri Zach Parise Marek Svatos 34 0 2 3
3 Brooks Laich Martin Samuelsson Chris Stewart 16 0 2 3
4 Valtteri Filppula Ryane Clowe Chad Larose 14 1 2 2
5 vs 5 Defense
Defense Defense Time % Phy DF OF
1 Kristopher Letang Anton Stralman 36 0 3 2
2 Josh Gorges Thomas Hickey 30 0 3 2
3 Michael Del Zotto Greg Zanon 24 0 3 2
4 Kristopher Letang Anton Stralman 10 1 2 2
PowerPlay Forward
Center Left Wing Right Wing Time % Phy DF OF
1 Brad Richards Tyler Ennis Marian Gaborik 60 0 1 4
2 Nazem Kadri Zach Parise Marek Svatos 40 0 1 4
PowerPlay Defense
Defense Defense Time % Phy DF OF
1 Kristopher Letang Anton Stralman 60 0 2 3
2 Josh Gorges Michael Del Zotto 40 0 2 3
Penalty Kill 4 Players Forward
Center Wing Time % Phy DF OF
1 Chad Larose Martin Samuelsson 60 0 3 2
2 Tyler Ennis Zach Parise 40 0 3 2
Penalty Kill 4 Players Defense
Defense Defense Time % Phy DF OF
1 Josh Gorges Greg Zanon 60 1 4 0
2 Anton Stralman Kristopher Letang 40 1 4 0
Penalty Kill - 3 Players Forward
Forward Time % Phy DF OF
1 Zach Parise 60 1 3 1
2 Tyler Ennis 40 1 3 1
Penalty Kill - 3 Players Defense
Defense Defense Time % Phy DF OF
1 Kristopher Letang Anton Stralman 60 1 4 0
2 Josh Gorges Greg Zanon 40 1 4 0
4 vs 4 Forward
Center Wing Time % Phy DF OF
1 Marian Gaborik Tyler Ennis 60 1 2 2
2 Nazem Kadri Zach Parise 40 1 2 2
4 vs 4 Defense
Defense Defense Time % Phy DF OF
1 Kristopher Letang Anton Stralman 60 1 2 2
2 Josh Gorges Thomas Hickey 40 1 2 2
Last Minutes Offensive
Center Left Wing Right Wing Defense Defense
Brad Richards Tyler Ennis Marian Gaborik Kristopher Letang Anton Stralman
Last Minutes Defensive
Center Left Wing Right Wing Defense Defense
Brad Richards Martin Samuelsson Chad Larose Greg Zanon Anton Stralman
Goaltenders
Starting : Maxime Daigneault
Backup : Cam Ward
Extra Forwards
Normal : Ryane Clowe, Chris Stewart, Chad Larose - PP : Chris Stewart, Brooks Laich - PK : Tyler Ennis
Extra Defensemen
Normal : Michael Del Zotto, Thomas Hickey, Josh Gorges - PP : Michael Del Zotto - PK : Thomas Hickey, Josh Gorges
Penalty Shots
Marian Gaborik, Tyler Ennis, Zach Parise, Marek Svatos, Brad Richards
Scratches
None
% Time on Ice - Jets
Lines # - Real PCT - Wanted PCT - Time Play
Normal Forward
1 - 31% - 35% - 11:25
2 - 26% - 32% - 9:30
3 - 24% - 23% - 8:55
4 - 19% - 10% - 7:10
Normal Defense
1 - 37% - 38% - 13:52
2 - 41% - 32% - 15:00
3 - 20% - 20% - 7:29
4 - 2% - 10% - 0:39
PP Forward
1 - 60% - 60% - 5:29
2 - 40% - 40% - 3:35
PP Defense
1 - 66% - 60% - 6:00
2 - 34% - 40% - 3:04
PK Forward
1 - 67% - 60% - 9:22
2 - 33% - 40% - 4:34
PK Defense
1 - 55% - 60% - 7:39
2 - 45% - 40% - 6:17
PK3 Forward
1 - 0% - 60%
2 - 0% - 40%
PK3 Defense
1 - 0% - 60%
2 - 0% - 40%
44 Forward
1 - 77% - 60% - 1:28
2 - 23% - 40% - 0:27
44 Defense
1 - 63% - 60% - 1:13
2 - 37% - 40% - 0:42
Last Minute Offensive - 0:00
Last Minute Defensive - 0:00
Total
Forward - 61:55
Defense - 61:55
|
% Time on Ice - Coyotes
Lines # - Real PCT - Wanted PCT - Time Play
Normal Forward
1 - 30% - 36% - 11:17
2 - 30% - 34% - 10:56
3 - 21% - 16% - 7:51
4 - 19% - 14% - 6:56
Normal Defense
1 - 40% - 36% - 14:38
2 - 32% - 30% - 11:43
3 - 27% - 24% - 9:53
4 - 2% - 10% - 0:46
PP Forward
1 - 53% - 60% - 7:25
2 - 47% - 40% - 6:31
PP Defense
1 - 65% - 60% - 9:04
2 - 35% - 40% - 4:52
PK Forward
1 - 69% - 60% - 6:13
2 - 31% - 40% - 2:47
PK Defense
1 - 54% - 60% - 4:51
2 - 46% - 40% - 4:09
PK3 Forward
1 - 100% - 60% - 0:04
2 - 0% - 40% - 0:00
PK3 Defense
1 - 100% - 60% - 0:04
2 - 0% - 40% - 0:00
44 Forward
1 - 75% - 60% - 1:26
2 - 25% - 40% - 0:29
44 Defense
1 - 65% - 60% - 1:15
2 - 35% - 40% - 0:40
Last Minute Offensive - 0:00
Last Minute Defensive - 0:00
Total
Forward - 61:55
Defense - 61:55
|
Play-by-Play
1st period
0:01 of 1st period - Brad Richards wins face-off versus Corey Perry in neutral zone.
0:16 of 1st period - Snap shot by Marian Gaborik.
0:16 of 1st period - Shot Blocked by Marco Scandella.
0:33 of 1st period - Slapshot by Derek Roy.
0:33 of 1st period - Stopped by Maxime Daigneault without a rebound.
0:34 of 1st period - Derek Stepan wins face-off versus Nazem Kadri in Coyotes zone.
0:37 of 1st period - Wrist shot by Benoit Pouliot.
0:37 of 1st period - Stopped by Maxime Daigneault with a rebound.
0:39 of 1st period - Slapshot by Anton Volchenkov.
0:39 of 1st period - Deflect By Derek Stepan.
0:39 of 1st period - Stopped by Maxime Daigneault with a rebound.
0:41 of 1st period - Slapshot by Anton Volchenkov.
0:41 of 1st period - Stopped by Maxime Daigneault without a rebound.
0:42 of 1st period - Derek Stepan wins face-off versus Nazem Kadri in Coyotes zone.
1:02 of 1st period - Minor Penalty to Thomas Hickey for Hooking.
1:03 of 1st period - Derek Stepan wins face-off versus Chad Larose in Coyotes zone.
1:13 of 1st period - Martin Samuelsson is hit by Derek Stepan and loses puck.
3:02 of 1st period - Penalty to Thomas Hickey is over, Thomas Hickey is back on ice.
5:01 of 1st period - Icing by Nino Niederreiter.
5:02 of 1st period - Brad Richards wins face-off versus Mike Richards in Jets zone.
5:13 of 1st period - Anton Stralman is hit by Marco Scandella and loses puck.
5:41 of 1st period - Anton Stralman is hit by Devin Setoguchi and loses puck.
5:56 of 1st period - Derek Stepan is hit by Josh Gorges and loses puck.
6:43 of 1st period - Wrist shot by Corey Perry.
6:43 of 1st period - Stopped by Maxime Daigneault with a rebound.
6:45 of 1st period - Wrist shot by Derek Roy.
6:45 of 1st period - Shot Blocked by Chad Larose.
6:55 of 1st period - Snap shot by Erik Haula.
6:55 of 1st period - Stopped by Maxime Daigneault with a rebound.
6:57 of 1st period - Slapshot by Brendan Smith.
6:57 of 1st period - Shot Misses the Net.
7:19 of 1st period - Icing by Brendan Smith.
7:20 of 1st period - Brad Richards wins face-off versus Joe Colborne in Jets zone.
7:22 of 1st period - Minor Penalty to Tyler Ennis for Interference.
7:23 of 1st period - Chad Larose wins face-off versus Derek Stepan in Coyotes zone.
7:34 of 1st period - Off-side.
7:35 of 1st period - Chad Larose wins face-off versus Derek Stepan in neutral zone.
7:42 of 1st period - Wrist shot by Martin Samuelsson.
7:42 of 1st period - Shot Blocked by Derek Stepan.
8:00 of 1st period - Martin Samuelsson is hit by Marco Scandella and loses puck.
8:22 of 1st period - Off-side.
8:23 of 1st period - Mike Richards wins face-off versus Chad Larose in neutral zone.
8:30 of 1st period - Snap shot by Marcus Johansson.
8:30 of 1st period - Deflect By Derek Roy.
8:30 of 1st period - Stopped by Maxime Daigneault without a rebound.
8:30 of 1st period - Minor Penalty to Maxime Daigneault for Slashing.
8:31 of 1st period - Derek Stepan wins face-off versus Zach Parise in Coyotes zone.
8:34 of 1st period - Snap shot by Benoit Pouliot.
8:34 of 1st period - Goal by Benoit Pouliot - Jets : 1 - Coyotes : 0.
8:35 of 1st period - Chad Larose wins face-off versus Derek Stepan in neutral zone.
8:46 of 1st period - Martin Samuelsson is hit by Corey Perry and loses puck.
8:51 of 1st period - Snap shot by Benoit Pouliot.
8:51 of 1st period - Stopped by Maxime Daigneault without a rebound.
8:52 of 1st period - Mike Richards wins face-off versus Chad Larose in Coyotes zone.
9:01 of 1st period - Snap shot by Marcus Johansson.
9:01 of 1st period - Stopped by Maxime Daigneault with a rebound.
9:03 of 1st period - Wrist shot by Marcus Johansson.
9:03 of 1st period - Stopped by Maxime Daigneault without a rebound.
9:04 of 1st period - Derek Stepan wins face-off versus Chad Larose in Coyotes zone.
10:30 of 1st period - Penalty to Anton Stralman is over, Anton Stralman is back on ice.
10:41 of 1st period - Slapshot by Kristopher Letang.
10:41 of 1st period - Shot Misses the Net.
11:09 of 1st period - Snap shot by Zach Parise.
11:09 of 1st period - Shot Misses the Net.
11:11 of 1st period - Slapshot by Greg Zanon.
11:11 of 1st period - Stopped by Kari Lehtonen without a rebound.
11:12 of 1st period - Mike Richards wins face-off versus Brooks Laich in Jets zone.
11:25 of 1st period - Marco Scandella is hit by Josh Gorges and loses puck.
11:32 of 1st period - Josh Gorges is hit by Brendan Smith and loses puck.
12:38 of 1st period - Minor Penalty to Joe Colborne for Holding.
12:39 of 1st period - Marek Svatos wins face-off versus Erik Haula in Jets zone.
14:38 of 1st period - Penalty to Joe Colborne is over, Joe Colborne is back on ice.
15:02 of 1st period - Wrist shot by Chad Larose.
15:02 of 1st period - Stopped by Kari Lehtonen with a rebound.
15:04 of 1st period - Wrist shot by Chad Larose.
15:04 of 1st period - Shot Misses the Net.
15:34 of 1st period - Slapshot by Ronalds Kenins.
15:34 of 1st period - Stopped by Maxime Daigneault without a rebound.
15:35 of 1st period - Derek Roy wins face-off versus Brad Richards in Coyotes zone.
15:38 of 1st period - Wrist shot by Marcus Johansson.
15:38 of 1st period - Deflect By Derek Stepan.
15:38 of 1st period - Shot Blocked by Thomas Hickey.
15:38 of 1st period - Puck is out of play.
15:39 of 1st period - Derek Roy wins face-off versus Brad Richards in Coyotes zone.
15:53 of 1st period - Wrist shot by Tyler Ennis.
15:53 of 1st period - Stopped by Kari Lehtonen without a rebound.
15:54 of 1st period - Derek Stepan wins face-off versus Nazem Kadri in Jets zone.
16:21 of 1st period - Tyler Ennis is hit by Nino Niederreiter.
16:43 of 1st period - Off-side.
16:44 of 1st period - Brooks Laich wins face-off versus Derek Roy in neutral zone.
16:55 of 1st period - Slapshot by Martin Samuelsson.
16:55 of 1st period - Shot Misses the Net.
17:02 of 1st period - Minor Penalty to Marcus Johansson for High sticking.
17:03 of 1st period - Brad Richards wins face-off versus Erik Haula in Jets zone.
17:05 of 1st period - Wrist shot by Tyler Ennis.
17:05 of 1st period - Goal by Tyler Ennis - Jets : 1 - Coyotes : 1.
17:06 of 1st period - Derek Stepan wins face-off versus Brad Richards in neutral zone.
17:09 of 1st period - Slapshot by Brendan Smith.
17:09 of 1st period - Deflect By Derek Stepan.
17:09 of 1st period - Stopped by Maxime Daigneault without a rebound.
17:10 of 1st period - Derek Stepan wins face-off versus Brad Richards in Coyotes zone.
18:01 of 1st period - Slapshot by Kristopher Letang.
18:01 of 1st period - Shot Misses the Net.
18:03 of 1st period - Snap shot by Chad Larose.
18:03 of 1st period - Stopped by Kari Lehtonen without a rebound.
18:04 of 1st period - Mike Richards wins face-off versus Valtteri Filppula in Jets zone.
18:04 of 1st period - Mike Richards is hit by Chad Larose.
18:38 of 1st period - Wrist shot by Erik Haula.
18:38 of 1st period - Shot Misses the Net.
18:40 of 1st period - Snap shot by Erik Haula.
18:40 of 1st period - Stopped by Maxime Daigneault with a rebound.
19:00 of 1st period - Slapshot by Nino Niederreiter.
19:00 of 1st period - Stopped by Maxime Daigneault without a rebound.
19:01 of 1st period - Derek Stepan wins face-off versus Brad Richards in Coyotes zone.
19:04 of 1st period - Slapshot by Benoit Pouliot.
19:04 of 1st period - Shot Blocked by Anton Stralman.
19:34 of 1st period - Wrist shot by Corey Perry.
19:34 of 1st period - Stopped by Maxime Daigneault without a rebound.
19:35 of 1st period - Zach Parise wins face-off versus Derek Roy in Coyotes zone.
19:40 of 1st period - Marek Svatos is hit by Marcus Johansson and loses puck.
Goals for this period are 1 for Jets vs 1 for Coyotes.
Shots for this period are 16 for Jets vs 5 for Coyotes.
2nd period
0:01 of 2nd period - Derek Stepan wins face-off versus Brad Richards in neutral zone.
0:12 of 2nd period - Wrist shot by Benoit Pouliot.
0:12 of 2nd period - Stopped by Maxime Daigneault without a rebound.
0:13 of 2nd period - Brad Richards wins face-off versus Derek Stepan in Coyotes zone.
0:39 of 2nd period - Corey Perry is hit by Zach Parise and loses puck.
1:22 of 2nd period - Slapshot by Anton Volchenkov.
1:22 of 2nd period - Stopped by Maxime Daigneault without a rebound.
1:23 of 2nd period - Brad Richards wins face-off versus Joe Colborne in Coyotes zone.
1:34 of 2nd period - Wrist shot by Marian Gaborik.
1:34 of 2nd period - Shot Misses the Net.
1:36 of 2nd period - Backhand shot by Greg Zanon.
1:36 of 2nd period - Deflect By Joe Colborne.
1:36 of 2nd period - Stopped by Kari Lehtonen with a rebound.
1:58 of 2nd period - Slapshot by Marco Scandella.
1:58 of 2nd period - Shot Misses the Net.
2:14 of 2nd period - Snap shot by Tyler Ennis.
2:14 of 2nd period - Stopped by Kari Lehtonen without a rebound.
2:15 of 2nd period - Zach Parise wins face-off versus Derek Stepan in Jets zone.
2:24 of 2nd period - Slapshot by Zach Parise.
2:24 of 2nd period - Shot Misses the Net.
3:07 of 2nd period - Wrist shot by Ryane Clowe.
3:07 of 2nd period - Deflect By Chad Larose.
3:07 of 2nd period - Shot Blocked by Jared Spurgeon.
3:07 of 2nd period - Puck is out of play.
3:08 of 2nd period - Derek Stepan wins face-off versus Valtteri Filppula in Jets zone.
3:43 of 2nd period - Slapshot by Zach Parise.
3:43 of 2nd period - Shot Blocked by Marco Scandella.
4:14 of 2nd period - Icing by Tyler Ennis.
4:15 of 2nd period - Derek Stepan wins face-off versus Brad Richards in Coyotes zone.
4:26 of 2nd period - Wrist shot by Marian Gaborik.
4:26 of 2nd period - Deflect By Derek Stepan.
4:26 of 2nd period - Shot Misses the Net.
4:26 of 2nd period - Puck is out of play.
4:27 of 2nd period - Nazem Kadri wins face-off versus Derek Roy in Jets zone.
4:47 of 2nd period - Minor Penalty to Corey Perry for Holding.
4:48 of 2nd period - Erik Haula wins face-off versus Brad Richards in Jets zone.
5:17 of 2nd period - Off-side.
5:18 of 2nd period - Nazem Kadri wins face-off versus Derek Roy in neutral zone.
5:27 of 2nd period - Wrist shot by Zach Parise.
5:27 of 2nd period - Shot Misses the Net.
5:29 of 2nd period - Wrist shot by Marek Svatos.
5:29 of 2nd period - Shot Misses the Net.
5:35 of 2nd period - Snap shot by Zach Parise.
5:35 of 2nd period - Stopped by Kari Lehtonen without a rebound.
5:36 of 2nd period - Brad Richards wins face-off versus Erik Haula in Jets zone.
5:37 of 2nd period - Snap shot by Marian Gaborik.
5:37 of 2nd period - Stopped by Kari Lehtonen with a rebound.
5:43 of 2nd period - Marian Gaborik is hit by Nino Niederreiter and loses puck.
6:47 of 2nd period - Penalty to Corey Perry is over, Corey Perry is back on ice.
7:24 of 2nd period - Slapshot by Joe Colborne.
7:24 of 2nd period - Shot Misses the Net.
7:26 of 2nd period - Slapshot by Anton Volchenkov.
7:26 of 2nd period - Stopped by Maxime Daigneault without a rebound.
7:27 of 2nd period - Nazem Kadri wins face-off versus Derek Roy in Coyotes zone.
7:31 of 2nd period - Icing by Greg Zanon.
7:32 of 2nd period - Nazem Kadri wins face-off versus Derek Roy in Coyotes zone.
7:32 of 2nd period - Nazem Kadri is hit by Derek Roy.
7:42 of 2nd period - Slapshot by Michael Del Zotto.
7:42 of 2nd period - Stopped by Kari Lehtonen with a rebound.
7:44 of 2nd period - Minor Penalty to Marcus Johansson for Interference.
7:45 of 2nd period - Brad Richards wins face-off versus Erik Haula in Jets zone.
8:37 of 2nd period - Off-side.
8:38 of 2nd period - Derek Roy wins face-off versus Brad Richards in neutral zone.
9:44 of 2nd period - Penalty to Marcus Johansson is over, Marcus Johansson is back on ice.
10:18 of 2nd period - Off-side.
10:19 of 2nd period - Derek Stepan wins face-off versus Valtteri Filppula in neutral zone.
10:51 of 2nd period - Slapshot by Greg Zanon.
10:51 of 2nd period - Stopped by Kari Lehtonen without a rebound.
10:52 of 2nd period - Mike Richards wins face-off versus Brad Richards in Jets zone.
10:52 of 2nd period - Mike Richards is hit by Anton Stralman.
11:18 of 2nd period - Snap shot by Mike Richards.
11:18 of 2nd period - Stopped by Maxime Daigneault with a rebound.
11:20 of 2nd period - Slapshot by Eric Gelinas.
11:20 of 2nd period - Shot Hit the Post.
11:22 of 2nd period - Snap shot by Nino Niederreiter.
11:22 of 2nd period - Stopped by Maxime Daigneault without a rebound.
11:23 of 2nd period - Derek Stepan wins face-off versus Nazem Kadri in Coyotes zone.
12:14 of 2nd period - Mike Richards is hit by Thomas Hickey and loses puck.
12:55 of 2nd period - Brendan Smith is hit by Nazem Kadri and loses puck.
13:04 of 2nd period - Wrist shot by Zach Parise.
13:04 of 2nd period - Shot Misses the Net.
13:19 of 2nd period - Icing by Jared Spurgeon.
13:20 of 2nd period - Mike Richards wins face-off versus Brad Richards in Jets zone.
14:15 of 2nd period - Icing by Jared Spurgeon.
14:16 of 2nd period - Mike Richards wins face-off versus Nazem Kadri in Jets zone.
14:27 of 2nd period - Snap shot by Mike Richards.
14:27 of 2nd period - Shot Misses the Net.
14:29 of 2nd period - Snap shot by Jacob Trouba.
14:29 of 2nd period - Stopped by Maxime Daigneault with a rebound.
15:03 of 2nd period - Slapshot by Jared Spurgeon.
15:03 of 2nd period - Stopped by Maxime Daigneault without a rebound.
15:04 of 2nd period - Derek Stepan wins face-off versus Brooks Laich in Coyotes zone.
15:22 of 2nd period - Minor Penalty to Marco Scandella for Checking from behind.
15:23 of 2nd period - Corey Perry wins face-off versus Brad Richards in Jets zone.
15:37 of 2nd period - Snap shot by Brad Richards.
15:37 of 2nd period - Shot Misses the Net.
15:39 of 2nd period - Slapshot by Brad Richards.
15:39 of 2nd period - Stopped by Kari Lehtonen without a rebound.
15:40 of 2nd period - Erik Haula wins face-off versus Brad Richards in Jets zone.
16:09 of 2nd period - Snap shot by Nazem Kadri.
16:09 of 2nd period - Shot Misses the Net.
16:11 of 2nd period - Slapshot by Kristopher Letang.
16:11 of 2nd period - Deflect By Nazem Kadri.
16:11 of 2nd period - Stopped by Kari Lehtonen with a rebound.
16:47 of 2nd period - Nazem Kadri is hit by Corey Perry and loses puck.
17:22 of 2nd period - Penalty to Marco Scandella is over, Marco Scandella is back on ice.
17:37 of 2nd period - Mike Richards is hit by Chris Stewart.
18:40 of 2nd period - Snap shot by Ronalds Kenins.
18:40 of 2nd period - Shot Blocked by Brad Richards.
18:59 of 2nd period - Slapshot by Thomas Hickey.
18:59 of 2nd period - Deflect By Marcus Johansson.
18:59 of 2nd period - Stopped by Kari Lehtonen without a rebound.
19:00 of 2nd period - Derek Stepan wins face-off versus Brooks Laich in Jets zone.
19:11 of 2nd period - Eric Gelinas is hit by Brooks Laich.
19:25 of 2nd period - Marian Gaborik is hit by Derek Roy and loses puck.
19:37 of 2nd period - Corey Perry is hit by Kristopher Letang.
19:47 of 2nd period - Joe Colborne is hit by Kristopher Letang and loses puck.
Goals for this period are 0 for Jets vs 0 for Coyotes.
Shots for this period are 7 for Jets vs 9 for Coyotes.
3rd period
0:01 of 3rd period - Brad Richards wins face-off versus Derek Roy in neutral zone.
0:08 of 3rd period - Snap shot by Brad Richards.
0:08 of 3rd period - Shot Misses the Net.
0:10 of 3rd period - Snap shot by Brad Richards.
0:10 of 3rd period - Goal by Brad Richards - Jets : 1 - Coyotes : 2.
0:11 of 3rd period - Nazem Kadri wins face-off versus Derek Roy in neutral zone.
0:18 of 3rd period - Snap shot by Zach Parise.
0:18 of 3rd period - Shot Misses the Net.
0:20 of 3rd period - Slapshot by Kristopher Letang.
0:20 of 3rd period - Shot Blocked by Derek Roy.
0:22 of 3rd period - Wrist shot by Nazem Kadri.
0:22 of 3rd period - Stopped by Kari Lehtonen with a rebound.
0:24 of 3rd period - Wrist shot by Zach Parise.
0:24 of 3rd period - Shot Misses the Net.
0:53 of 3rd period - Snap shot by Derek Stepan.
0:53 of 3rd period - Shot Misses the Net.
1:06 of 3rd period - Icing by Nino Niederreiter.
1:07 of 3rd period - Brooks Laich wins face-off versus Mike Richards in Jets zone.
1:10 of 3rd period - Snap shot by Brooks Laich.
1:10 of 3rd period - Shot Blocked by Eric Gelinas.
1:26 of 3rd period - Snap shot by Erik Haula.
1:26 of 3rd period - Shot Blocked by Thomas Hickey.
1:28 of 3rd period - Wrist shot by Nino Niederreiter.
1:28 of 3rd period - Stopped by Maxime Daigneault with a rebound.
1:30 of 3rd period - Wrist shot by Erik Haula.
1:30 of 3rd period - Stopped by Maxime Daigneault with a rebound.
1:52 of 3rd period - Anton Volchenkov is hit by Josh Gorges and loses puck.
2:00 of 3rd period - Minor Penalty to Brooks Laich for Hooking.
2:01 of 3rd period - Chad Larose wins face-off versus Derek Stepan in Coyotes zone.
2:17 of 3rd period - Chad Larose is hit by Derek Stepan and loses puck.
3:23 of 3rd period - Zach Parise is hit by Marco Scandella and loses puck.
3:44 of 3rd period - Off-side.
3:45 of 3rd period - Mike Richards wins face-off versus Brad Richards in neutral zone.
4:00 of 3rd period - Penalty to Brooks Laich is over, Brooks Laich is back on ice.
4:16 of 3rd period - Snap shot by Nazem Kadri.
4:16 of 3rd period - Shot Misses the Net.
4:58 of 3rd period - Slapshot by Chris Stewart.
4:58 of 3rd period - Stopped by Kari Lehtonen without a rebound.
4:59 of 3rd period - Joe Colborne wins face-off versus Brooks Laich in Jets zone.
5:07 of 3rd period - Minor Penalty to Anton Stralman for Tripping.
5:08 of 3rd period - Derek Stepan wins face-off versus Chad Larose in Coyotes zone.
5:12 of 3rd period - Snap shot by Benoit Pouliot.
5:12 of 3rd period - Shot Misses the Net.
5:44 of 3rd period - Tyler Ennis is hit by Derek Roy and loses puck.
6:17 of 3rd period - Jared Spurgeon is hit by Kristopher Letang and loses puck.
6:49 of 3rd period - Icing by Corey Perry.
6:50 of 3rd period - Chad Larose wins face-off versus Derek Stepan in Jets zone.
7:07 of 3rd period - Penalty to Anton Stralman is over, Anton Stralman is back on ice.
7:17 of 3rd period - Snap shot by Joe Colborne.
7:17 of 3rd period - Stopped by Maxime Daigneault with a rebound.
7:35 of 3rd period - Wrist shot by Zach Parise.
7:35 of 3rd period - Stopped by Kari Lehtonen with a rebound.
7:37 of 3rd period - Snap shot by Anton Stralman.
7:37 of 3rd period - Stopped by Kari Lehtonen with a rebound.
7:45 of 3rd period - Snap shot by Anton Stralman.
7:45 of 3rd period - Stopped by Kari Lehtonen without a rebound.
7:46 of 3rd period - Brooks Laich wins face-off versus Derek Roy in Jets zone.
7:47 of 3rd period - Snap shot by Chris Stewart.
7:47 of 3rd period - Stopped by Kari Lehtonen with a rebound.
7:49 of 3rd period - Slapshot by Anton Stralman.
7:49 of 3rd period - Stopped by Kari Lehtonen with a rebound.
7:51 of 3rd period - Slapshot by Kristopher Letang.
7:51 of 3rd period - Shot Misses the Net.
8:36 of 3rd period - Marco Scandella is hit by Marek Svatos and loses puck.
8:52 of 3rd period - Icing by Mike Richards.
8:53 of 3rd period - Mike Richards wins face-off versus Brad Richards in Jets zone.
9:02 of 3rd period - Josh Gorges is hit by Anton Volchenkov and loses puck.
9:10 of 3rd period - Minor Penalty to Marcus Johansson for Holding.
9:11 of 3rd period - Erik Haula wins face-off versus Brad Richards in Jets zone.
9:59 of 3rd period - Eric Gelinas is hit by Brad Richards and loses puck.
11:10 of 3rd period - Penalty to Marcus Johansson is over, Marcus Johansson is back on ice.
11:21 of 3rd period - Marco Scandella is hit by Chad Larose and loses puck.
12:23 of 3rd period - Derek Stepan is hit by Chad Larose and loses puck.
13:01 of 3rd period - Icing by Corey Perry.
13:02 of 3rd period - Brooks Laich wins face-off versus Derek Roy in Jets zone.
13:11 of 3rd period - Wrist shot by Chris Stewart.
13:11 of 3rd period - Shot Misses the Net.
13:13 of 3rd period - Wrist shot by Martin Samuelsson.
13:13 of 3rd period - Deflect By Brooks Laich.
13:13 of 3rd period - Stopped by Kari Lehtonen without a rebound.
13:14 of 3rd period - Brad Richards wins face-off versus Derek Stepan in Jets zone.
13:21 of 3rd period - Snap shot by Tyler Ennis.
13:21 of 3rd period - Shot Misses the Net.
13:23 of 3rd period - Slapshot by Kristopher Letang.
13:23 of 3rd period - Shot Misses the Net.
13:27 of 3rd period - Slapshot by Tyler Ennis.
13:27 of 3rd period - Deflect By Brad Richards.
13:27 of 3rd period - Shot Misses the Net.
13:27 of 3rd period - Puck is out of play.
13:28 of 3rd period - Marcus Johansson wins face-off versus Brad Richards in Jets zone.
13:30 of 3rd period - Minor Penalty to Marco Scandella for Slashing.
13:31 of 3rd period - Erik Haula wins face-off versus Brad Richards in Jets zone.
13:31 of 3rd period - Erik Haula is hit by Brad Richards.
15:30 of 3rd period - Penalty to Marco Scandella is over, Marco Scandella is back on ice.
17:26 of 3rd period - Minor Penalty to Kevin Hayes for Hooking.
17:27 of 3rd period - Erik Haula wins face-off versus Brad Richards in Jets zone.
17:53 of 3rd period - Nazem Kadri is hit by Derek Roy and loses puck.
18:00 of 3rd period - Anton Volchenkov is hit by Nazem Kadri and loses puck.
18:14 of 3rd period - Icing by Michael Del Zotto.
18:15 of 3rd period - Erik Haula wins face-off versus Nazem Kadri in Coyotes zone.
18:36 of 3rd period - Eric Gelinas is hit by Zach Parise and loses puck.
18:47 of 3rd period - Snap shot by Mike Richards.
18:47 of 3rd period - Deflect By Derek Roy.
18:47 of 3rd period - Stopped by Maxime Daigneault without a rebound.
18:48 of 3rd period - Marc Crawford call a timeout for Jets.
18:48 of 3rd period - Derek Roy wins face-off versus Brad Richards in Coyotes zone.
19:26 of 3rd period - Penalty to Kevin Hayes is over, Kevin Hayes is back on ice.
19:41 of 3rd period - Eric Gelinas is hit by Brad Richards and loses puck.
19:54 of 3rd period - Jets, Kari Lehtonen is pulled from the net.
19:54 of 3rd period - Slapshot by Eric Gelinas.
19:54 of 3rd period - Goal by Eric Gelinas - Jets : 2 - Coyotes : 2.
19:54 of 3rd period - Kari Lehtonen from Jets was sent back in the game.
19:55 of 3rd period - Ryane Clowe wins face-off versus Derek Stepan in neutral zone.
Goals for this period are 1 for Jets vs 1 for Coyotes.
Shots for this period are 5 for Jets vs 9 for Coyotes.
Overtime #1
0:01 of 1st overtime period - Marian Gaborik wins face-off versus Derek Stepan in neutral zone.
0:08 of 1st overtime period - Wrist shot by Tyler Ennis.
0:08 of 1st overtime period - Shot Misses the Net.
0:14 of 1st overtime period - Kristopher Letang is hit by Anton Volchenkov and loses puck.
0:45 of 1st overtime period - Icing by Marco Scandella.
0:46 of 1st overtime period - Nazem Kadri wins face-off versus Mike Richards in Jets zone.
0:48 of 1st overtime period - Icing by Brendan Smith.
0:49 of 1st overtime period - Mike Richards wins face-off versus Nazem Kadri in Jets zone.
1:16 of 1st overtime period - Snap shot by Tyler Ennis.
1:16 of 1st overtime period - Shot Blocked by Anton Volchenkov.
1:51 of 1st overtime period - Snap shot by Benoit Pouliot.
1:51 of 1st overtime period - Shot Misses the Net.
1:53 of 1st overtime period - Snap shot by Erik Haula.
1:53 of 1st overtime period - Shot Misses the Net.
1:55 of 1st overtime period - Wrist shot by Benoit Pouliot.
1:55 of 1st overtime period - Goal by Benoit Pouliot - Jets : 3 - Coyotes : 2.
Goals for this period are 1 for Jets vs 0 for Coyotes.
Shots for this period are 1 for Jets vs 0 for Coyotes.
Back to the Top